[Event "Titled Tuesday Blitz November 29 Early 2022"]
[White "Khandelwal, Ankush"]
[Black "Shipov, Sergei"]
[WhiteFideId "413470"]
[BlackFideId "4113624"]
[WhiteElo "2271"]
[BlackElo "2801"]
[Result "0-1"]
[Round "02"]
[TimeControl "180+1"]
[Date "2022.11.30"]
[WhiteClock "0:00:05"]
[BlackClock "0:01:05"]

1. e4 e6 2. d4 d5 3. Nc3 Bb4 4. exd5 exd5 5. Bd3 Nc6 6. a3 Ba5 7. Ne2 Nge7 8. Bg5 O-O 9. Qd2 f6 10. Bf4 Bf5 11. O-O-O Qd7 12. Bxf5 Nxf5 13. g4 Nd6 14. Bxd6 Qxd6 15. Kb1 a6 16. Ng3 b5 17. Nf5 Qd7 18. Rhg1 b4 19. axb4 Bxb4 20. Qd3 Rab8 21. Rg3 g6 22. Ne3 Ne7 23. h4 Bd6 24. Rh3 Rb6 25. h5 Rfb8 26. b3 g5 27. Nexd5 Bf4 28. Nxb6 Rxb6 29. d5 Qxg4 30. Ne4 Be5 31. Re3 a5 32. Qc4 Rb4 33. Qd3 a4 34. f3 Qf4 35. d6 cxd6 36. Ree1 axb3 37. cxb3 d5 38. Nd2 Rb7 39. Rc1 Qb4 40. Rc8+ Nxc8 41. Rc1 Ne7 42. h6 Qa3 43. Kc2 Rc7+ 44. Kd1 Qxc1+ 0-1


[Site "https://www.chess.com"]

[Event "Titled Tuesday Blitz November 29 Early 2022"]
[White "Kleiman, Jake"]
[Black "Bortnyk, Olexandr"]
[WhiteFideId "2020041"]
[BlackFideId "14120828"]
[WhiteElo "2622"]
[BlackElo "2723"]
[Result "0-1"]
[Round "02"]
[TimeControl "180+1"]
[Date "2022.11.30"]
[WhiteClock "0:00:09"]
[BlackClock "0:00:06"]

1. e4 Nf6 2. e5 Nd5 3. d4 d6 4. Nf3 dxe5 5. Nxe5 c6 6. Be2 Bf5 7. Bg4 Bxg4 8. Qxg4 Nd7 9. Nxd7 Qxd7 10. Qxd7+ Kxd7 11. c4 Nb4 12. Kd2 g6 13. a3 Na6 14. Nc3 Bg7 15. Kd3 Rhd8 16. Be3 Ke8 17. Rad1 Nc5+ 18. Kc2 Ne6 19. d5 cxd5 20. Rxd5 Rxd5 21. Nxd5 Rc8 22. b3 b5 23. Kd3 bxc4+ 24. bxc4 Rb8 25. c5 Kd7 26. Kc4 Nc7 27. Nb4 a5 28. Rd1+ Ke6 29. Nc6 Rb2 30. Nd8+ Kf5 31. Rd7 Nb5 32. a4 Na3+ 33. Kd3 Rb3+ 34. Ke2 Nc4 35. c6 Rb2+ 36. Kd3 Ne5+ 37. Kc3 Nxd7+ 38. Kc4 Ne5+ 39. Kd5 e6+ 40. Kd6 Bf8+ 41. Kc7 Be7 42. Nb7 Rc2 43. Nxa5 Bb4 44. Bb6 Bxa5 45. Bxa5 Nxc6 46. Bb6 Rc4 47. Kb7 Rxa4 48. Kxc6 Rc4+ 49. Kb5 Rc2 50. Be3 h5 51. h4 f6 52. g3 g5 53. hxg5 fxg5 54. Kb4 h4 55. Kb3 Re2 56. g4+ Kxg4 0-1


[Site "https://www.chess.com"]

[Event "Titled Tuesday Blitz November 29 Early 2022"]
[White "Korchmar, Vasiliy"]
[Black "Ovezdurdyyeva, Jemal"]
[WhiteFideId "24131750"]
[BlackFideId "14001888"]
[WhiteElo "2370"]
[BlackElo "1961"]
[Result "1-0"]
[Round "02"]
[TimeControl "180+1"]
[Date "2022.11.30"]
[WhiteClock "0:01:53"]
[BlackClock "0:02:27"]

1. e4 d6 2. d4 Nf6 3. Nc3 g6 4. f4 c6 5. Nf3 b5 6. Bd3 Bg7 7. O-O a6 8. e5 dxe5 9. fxe5 Nd5 10. Ne4 O-O 11. c3 f6 12. Bd2 Nd7 13. e6 N7b6 14. Nc5 Na4 15. Nxa4 bxa4 16. Qxa4 Bxe6 17. Qxc6 Bf7 18. Bxa6 Rb8 19. b4 1-0


[Site "https://www.chess.com"]

[Event "Titled Tuesday Blitz November 29 Early 2022"]
[White "Koridze, Lile"]
[Black "Goltsev, Dmitry"]
[WhiteFideId "13612514"]
[BlackFideId "24176710"]
[WhiteElo "2050"]
[BlackElo "2289"]
[Result "0-1"]
[Round "02"]
[TimeControl "180+1"]
[Date "2022.11.30"]
[WhiteClock "0:00:36"]
[BlackClock "0:01:44"]

1. d4 Nf6 2. c4 e6 3. Nf3 Bb4+ 4. Bd2 Qe7 5. a3 Bxd2+ 6. Qxd2 b6 7. g3 Bb7 8. Bg2 O-O 9. O-O d6 10. Nc3 Nbd7 11. Qc2 a5 12. e4 e5 13. Rfe1 exd4 14. Nxd4 Rab8 15. Nd5 Nxd5 16. exd5 Qf6 17. Nf5 Rfe8 18. b4 axb4 19. axb4 g6 20. Ne3 Ra8 21. Ra2 Rxa2 22. Qxa2 Ra8 23. Qb3 Ra1 24. Rxa1 Qxa1+ 25. Bf1 Ne5 26. Kg2 c6 27. b5 cxd5 28. cxd5 Qd4 29. Be2 Qe4+ 30. f3 Qd4 31. f4 Nd7 32. Bf3 Nc5 33. Qa3 Nd3 0-1


[Site "https://www.chess.com"]

[Event "Titled Tuesday Blitz November 29 Early 2022"]
[White "Kozak, Antoni"]
[Black "Mouhamad, Joachim"]
[WhiteFideId "21832030"]
[BlackFideId "656410"]
[WhiteElo "2447"]
[BlackElo "2164"]
[Result "1-0"]
[Round "02"]
[TimeControl "180+1"]
[Date "2022.11.30"]
[WhiteClock "0:00:34"]
[BlackClock "0:00:11"]

1. d4 d5 2. Nf3 e6 3. c4 a6 4. e3 Nf6 5. b3 b6 6. Bd3 Nbd7 7. O-O Bd6 8. Ba3 Bxa3 9. Nxa3 O-O 10. Rc1 c5 11. Qe2 Bb7 12. Rfd1 Qe7 13. Qb2 Rac8 14. Be2 Ne4 15. cxd5 exd5 16. Bf1 Rc6 17. g3 Rh6 18. Bg2 Ndf6 19. Ne5 Qe6 20. f3 Ng5 21. Nb1 Nh3+ 22. Kh1 Re8 23. Nc3 Rh5 24. f4 Ne4 25. Bxe4 dxe4 26. d5 Qf5 27. g4 Qf6 28. gxh5 Rxe5 29. Qg2 Rxh5 30. Nxe4 Qh4 31. Ng3 Rh6 32. Nf5 Nf2+ 33. Kg1 Nh3+ 34. Kf1 Qh5 35. Qxg7# 1-0


[Site "https://www.chess.com"]

[Event "Titled Tuesday Blitz November 29 Early 2022"]
[White "Kukreja, Sankalp"]
[Black "Kuchava, Ana"]
[WhiteFideId "45027676"]
[BlackFideId "13605348"]
[WhiteElo "2154"]
[BlackElo "2001"]
[Result "1-0"]
[Round "02"]
[TimeControl "180+1"]
[Date "2022.11.30"]
[WhiteClock "0:00:35"]
[BlackClock "0:00:04"]

1. e4 c5 2. Nf3 d6 3. d4 cxd4 4. Nxd4 Nf6 5. Nc3 Nc6 6. Be2 g6 7. Be3 Bg7 8. O-O O-O 9. f4 a6 10. Bf3 Qc7 11. h3 Nd7 12. Qd2 Na5 13. Nd5 Qd8 14. Nxe7+ Qxe7 15. Qxa5 Nc5 16. e5 dxe5 17. Nc6 bxc6 18. Bxc5 Qe6 19. Bxf8 Bxf8 20. Qxe5 Qxe5 21. fxe5 Bc5+ 22. Kh1 Bf5 23. Bxc6 Rc8 24. Ba4 Bd4 25. c3 Bxe5 26. Bb3 h5 27. Rae1 Bg7 28. Re7 Rf8 29. Rxf7 Rxf7 30. Bxf7+ Kxf7 31. g4 hxg4 32. hxg4 Ke6 33. gxf5+ gxf5 34. Kg2 Bf8 35. Kf3 Bc5 36. Re1+ Kf6 37. b4 Bb6 38. c4 a5 39. c5 Bc7 40. b5 Be5 41. c6 Bd4 42. c7 1-0


[Site "https://www.chess.com"]

[Event "Titled Tuesday Blitz November 29 Early 2022"]
[White "Kulkarni, Vikramaditya"]
[Black "Urazayev, Arystanbek"]
[WhiteFideId "5009847"]
[BlackFideId "13709810"]
[WhiteElo "2273"]
[BlackElo "2441"]
[Result "1-0"]
[Round "02"]
[TimeControl "180+1"]
[Date "2022.11.30"]
[WhiteClock "0:00:24"]
[BlackClock "0:00:48"]

1. d4 Nf6 2. Nf3 g6 3. c4 Bg7 4. Nc3 O-O 5. e4 d6 6. h3 c5 7. Be2 cxd4 8. Nxd4 Nc6 9. Be3 Bd7 10. Nc2 Rc8 11. Qd2 a6 12. Rc1 Ne5 13. b3 b5 14. f4 b4 15. Nxb4 a5 16. Nbd5 Nc6 17. O-O e6 18. Bb6 Qe8 19. Nxf6+ Bxf6 20. Qxd6 Nd4 21. Bxd4 Rc6 22. Qxf8+ Qxf8 23. Bxf6 Qc5+ 24. Kh1 Rd6 25. Be7 Qc7 26. Nb5 Bxb5 27. Bxd6 Qxd6 28. cxb5 Kg7 29. e5 Qb4 30. g3 h5 31. h4 a4 32. bxa4 Qxa4 33. Kg2 Qxa2 34. Rf2 Qb2 35. Rd1 Qb3 36. Rd2 Qb4 37. Rc2 Qb1 38. Bf1 f6 39. exf6+ Kxf6 40. Rb2 Qe4+ 41. Kh2 Qb7 42. b6 Kg7 43. Bg2 Qb8 44. b7 Kh6 45. Rbc2 e5 46. fxe5 Qxe5 47. Rc8 1-0


[Site "https://www.chess.com"]

[Event "Titled Tuesday Blitz November 29 Early 2022"]
[White "Langner, Ladislav"]
[Black "Averjanov, Alexey"]
[WhiteFideId "300403"]
[BlackFideId "14109867"]
[WhiteElo "2346"]
[BlackElo "2623"]
[Result "0-1"]
[Round "02"]
[TimeControl "180+1"]
[Date "2022.11.30"]
[WhiteClock "0:00:11"]
[BlackClock "0:01:56"]

1. e4 c6 2. d4 d6 3. e5 dxe5 4. dxe5 Qxd1+ 5. Kxd1 Bf5 6. Bd3 Bxd3 7. cxd3 e6 8. Nc3 Ne7 9. Nge2 Nd7 10. Ne4 Nxe5 11. Nd6+ Kd7 12. Nxb7 Nxd3 13. Kc2 Nb4+ 14. Kb3 Ned5 15. Na5 Rb8 16. Kc4 Nc2 17. Rb1 Na3+ 18. bxa3 Rxb1 19. Nc3 Nxc3 20. Kxc3 Bxa3 21. Rd1+ Kc8 22. Kc2 Rxc1+ 23. Rxc1 Bxc1 0-1


[Site "https://www.chess.com"]

[Event "Titled Tuesday Blitz November 29 Early 2022"]
[White "Le, Tuan Minh"]
[Black "Postnikov, Daniil"]
[WhiteFideId "12401153"]
[BlackFideId "4166329"]
[WhiteElo "2530"]
[BlackElo "2261"]
[Result "1/2-1/2"]
[Round "02"]
[TimeControl "180+1"]
[Date "2022.11.30"]
[WhiteClock "0:00:11"]
[BlackClock "0:00:05"]

1. d4 Nf6 2. Nf3 c5 3. c3 d5 4. Bf4 Nc6 5. e3 g6 6. Nbd2 Bg7 7. h3 O-O 8. dxc5 Nd7 9. Nb3 e5 10. Bh2 e4 11. Nfd4 Nde5 12. Be2 Qe7 13. O-O f5 14. Qc2 g5 15. c4 dxc4 16. Bxc4+ Kh8 17. Rad1 Nb4 18. Qc3 Nxa2 19. Qa5 Nxc4 20. Qxa2 Ne5 21. Qa5 f4 22. exf4 gxf4 23. Qe1 f3 24. Qxe4 fxg2 25. Qxg2 Be6 26. Rfe1 Bxb3 27. Nxb3 Nf3+ 28. Qxf3 Qxe1+ 29. Rxe1 Rxf3 30. Na5 b6 31. cxb6 axb6 32. Nc4 Rb3 33. Re7 b5 34. Ne5 Rxb2 35. Kg2 Rf8 36. Bg3 b4 37. Rb7 Kg8 38. Nd3 Rb3 39. Nc5 Rb1 40. Ne6 Rf7 41. Rb8+ Bf8 42. Bd6 Rf6 43. f4 Rxe6 44. Bxf8 Kf7 45. Bc5 b3 46. f5 Re5 47. Rb7+ Ke8 48. Rb8+ Kd7 49. f6 Rxc5 50. f7 Rf5 51. f8=Q Rxf8 52. Rxf8 Kc7 53. Rf7+ Kc6 54. Rf6+ Kc5 55. Rf8 Kc4 56. Rc8+ Kb4 57. Rb8+ Ka3 58. Ra8+ Kb2 59. Kg3 Rg1+ 60. Kh4 Kc2 61. Rc8+ Kb1 62. Kh5 Rg6 63. h4 b2 64. Rc1+ Ka2 65. Ra1+ Kb3 66. Ra3+ Kb4 67. Rb3+ Kxb3 1/2-1/2


[Site "https://www.chess.com"]

[Event "Titled Tuesday Blitz November 29 Early 2022"]
[White "Leenhouts, Koen"]
[Black "Kosakowski, Jakub"]
[WhiteFideId "1008439"]
[BlackFideId "1185080"]
[WhiteElo "2409"]
[BlackElo "2463"]
[Result "0-1"]
[Round "02"]
[TimeControl "180+1"]
[Date "2022.11.30"]
[WhiteClock "0:00:20"]
[BlackClock "0:00:21"]

1. e4 c6 2. d4 d5 3. e5 Bf5 4. Nc3 e6 5. g4 Bg6 6. Nge2 c5 7. h4 h5 8. Nf4 Bh7 9. g5 cxd4 10. Nb5 Be4 11. f3 Bf5 12. Nxd4 Ne7 13. Nxf5 Nxf5 14. Bd3 g6 15. Bxf5 gxf5 16. Qe2 Nc6 17. Bd2 Qc7 18. O-O-O O-O-O 19. Rhe1 Bg7 20. Kb1 Bxe5 21. Nd3 Bg7 22. Bf4 Qb6 23. g6 e5 24. Bh2 fxg6 25. Rg1 Nd4 26. Qg2 e4 27. fxe4 dxe4 28. Qg3 exd3 29. Rxd3 Nc6 30. Rb3 Be5 31. Qxg6 Qxg1+ 32. Bxg1 Rd1# 0-1


[Site "https://www.chess.com"]

[Event "Titled Tuesday Blitz November 29 Early 2022"]
[White "Lenderman, Aleksandr"]
[Black "Megalios, Konstantinos"]
[WhiteFideId "2021285"]
[BlackFideId "4238044"]
[WhiteElo "2607"]
[BlackElo "2277"]
[Result "1-0"]
[Round "02"]
[TimeControl "180+1"]
[Date "2022.11.30"]
[WhiteClock "0:01:23"]
[BlackClock "0:00:08"]

1. e4 c5 2. d4 cxd4 3. c3 dxc3 4. Nxc3 Nc6 5. Nf3 e6 6. Bc4 Bb4 7. O-O Nge7 8. Nb5 d5 9. exd5 exd5 10. Bxd5 Nxd5 11. Qxd5 O-O 12. Qxd8 Rxd8 13. Be3 Bg4 14. Nfd4 Nxd4 15. Nxd4 Rac8 16. Rfc1 Rxc1+ 17. Rxc1 Rc8 18. Rxc8+ Bxc8 19. a3 Be7 20. Nb5 a6 21. Nc3 f6 22. Nd5 Bd6 23. Bf4 Bf8 24. f3 Kf7 25. Be3 Bd7 26. Kf2 Bc6 27. Nc3 g5 28. Bd4 h6 29. g4 Ke6 30. Ne4 f5 31. Ng3 f4 32. Nf5 h5 33. h3 hxg4 34. hxg4 Ba4 35. Bc3 Bc5+ 36. Kg2 Bc2 37. Bd4 Bf8 38. Bh8 Bb1 39. Nd4+ Kd5 40. Bf6 Bc5 41. Ne2 Bd3 42. Nc1 Bc4 43. b3 Bb5 44. a4 Bc6 45. Bxg5 Be3 46. Nd3 Kd4 47. Nxf4 Kc3 48. Nd5+ Bxd5 49. Bxe3 a5 50. Bb6 Kxb3 51. Bxa5 Kxa4 52. Bd2 Kb3 53. Kg3 Kc2 54. Bb4 Kd3 55. f4 Ke4 56. f5 Bf7 57. Kh4 Ke5 58. Kg5 Bc4 59. Bc3+ Kd6 60. Kf6 b5 61. g5 Kc5 62. g6 b4 63. Bxb4+ Kxb4 64. Ke7 Kc5 65. f6 1-0


[Site "https://www.chess.com"]

[Event "Titled Tuesday Blitz November 29 Early 2022"]
[White "Lesbekova, Assel"]
[Black "Pourkashiyan, Atousa"]
[WhiteFideId "13713248"]
[BlackFideId "12502014"]
[WhiteElo "1700"]
[BlackElo "2247"]
[Result "1-0"]
[Round "02"]
[TimeControl "180+1"]
[Date "2022.11.30"]
[WhiteClock "0:00:03"]
[BlackClock "0:00:19"]

1. e4 c5 2. Nc3 e6 3. Nge2 a6 4. g3 b5 5. a3 Bb7 6. Bg2 Nf6 7. d3 Nc6 8. O-O Be7 9. d4 cxd4 10. Nxd4 Qc7 11. Be3 O-O 12. f4 d6 13. f5 Nxd4 14. Qxd4 Ng4 15. Qb6 Qd7 16. Kh1 Bd8 17. Qd4 Bf6 18. Qd2 Nxe3 19. Qxe3 Rac8 20. Rad1 Qc7 21. Rd3 h6 22. fxe6 fxe6 23. Bh3 Qe7 24. Rfd1 Rc4 25. Bg2 Be5 26. R1d2 Kh8 27. Nd1 Qe8 28. b3 Rc7 29. Rf2 Rcf7 30. Rdd2 Qa8 31. Rxf7 Rxf7 32. Rf2 Rxf2 33. Nxf2 Bxe4 34. Bxe4 Qc8 35. Qf3 Bb2 36. a4 bxa4 37. bxa4 Bd4 38. Bd3 d5 39. Kg2 Qc5 40. Nh3 Kg8 41. Qh5 Qc8 42. Qg6 Bf6 43. Nf4 Bc3 44. Qxe6+ Qxe6 45. Nxe6 a5 46. Nc7 Kf7 47. Nxd5 Bd2 48. Nf4 Kf6 49. Kf3 Ke5 50. Nh5 g5 51. h4 Bc3 52. hxg5 hxg5 53. Kg4 Bd2 54. Ng7 Kf6 55. Nf5 Bc1 56. Nd4 Be3 57. Nc6 Bd2 58. c4 Ke6 59. Nd4+ Kd6 60. Nb3 Bc3 61. Kxg5 Be1 62. g4 Bc3 63. Kf5 Ke7 64. g5 Kf7 65. g6+ Ke7 66. c5 Bb2 67. Nxa5 Bd4 68. Nb3 Bc3 69. a5 Kd7 70. a6 Kc6 71. a7 Kb7 72. Ke6 Kxa7 73. Kf7 Kb7 74. g7 Bxg7 75. Kxg7 Kc6 76. Kf7 Kd7 77. Bf5+ Kc6 78. Be4+ Kc7 79. c6 Kd6 80. Kf6 Kc7 81. Ke7 Kb6 82. Kd6 Kb5 83. Nd2 Kb4 84. c7 Ka3 85. c8=Q Kb2 86. Qc4 Ka1 87. Nb3+ Ka2 88. Qc2+ Ka3 89. Qc1+ Kb4 90. Nd2 Ka5 91. Kc5 Ka4 92. Qa1# 1-0


[Site "https://www.chess.com"]

[Event "Titled Tuesday Blitz November 29 Early 2022"]
[White "Levitan, Caleb Levi"]
[Black "Costachi, Mihnea"]
[WhiteFideId "14332620"]
[BlackFideId "1217518"]
[WhiteElo "1963"]
[BlackElo "2424"]
[Result "0-1"]
[Round "02"]
[TimeControl "180+1"]
[Date "2022.11.30"]
[WhiteClock "0:00:02"]
[BlackClock "0:01:30"]

1. e4 e5 2. Nf3 Nf6 3. Nxe5 d6 4. Nf3 Nxe4 5. d4 d5 6. Bd3 Bd6 7. c4 c6 8. O-O O-O 9. Re1 Bg4 10. Bxe4 dxe4 11. Rxe4 f5 12. Re1 Nd7 13. h3 Bh5 14. c5 Bb8 15. Qb3+ Kh8 16. Nbd2 Qc7 17. Nf1 b6 18. cxb6 axb6 19. Bg5 Nf6 20. Bxf6 Rxf6 21. Ng3 Bf7 22. Qe3 h6 23. Qe7 Qxe7 24. Rxe7 Bxg3 25. fxg3 Rxa2 26. Rxa2 Bxa2 27. Ne5 Rd6 28. Ra7 Bg8 29. Nf3 Bd5 30. Ne5 Kh7 31. Rc7 Be4 32. Nf3 b5 33. Kf2 Bxf3 34. Kxf3 Rxd4 35. Rxc6 Rd3+ 36. Kf4 Rd2 37. Kxf5 Rxg2 38. b4 Rxg3 39. Rc5 Rxh3 40. Kg4 Rd3 41. Rxb5 Rd6 42. Rb7 Kg6 43. b5 Rd4+ 44. Kg3 Rb4 45. b6 h5 46. Kh3 Kh6 47. Rb8 Rb3+ 48. Kg2 Kg5 49. b7 h4 50. Kh2 Kg4 51. Kg1 Rb2 52. Kf1 h3 53. Rg8 Rb1+ 54. Kf2 Rxb7 55. Kg1 Rb1+ 56. Kh2 Rb2+ 57. Kh1 g5 0-1


[Site "https://www.chess.com"]

[Event "Titled Tuesday Blitz November 29 Early 2022"]
[White "Li, Hui"]
[Black "Mgeladze, Tamaz"]
[WhiteFideId "15400310"]
[BlackFideId "13601202"]
[WhiteElo "1954"]
[BlackElo "2288"]
[Result "1-0"]
[Round "02"]
[TimeControl "180+1"]
[Date "2022.11.30"]
[WhiteClock "0:00:09"]
[BlackClock "0:00:47"]

1. e4 c5 2. Nf3 g6 3. d4 cxd4 4. Nxd4 Bg7 5. Nc3 Nc6 6. Be3 Nf6 7. Bc4 O-O 8. Bb3 a5 9. O-O a4 10. Nxa4 Nxe4 11. Nb5 d5 12. c3 e6 13. f3 Nd6 14. Nxd6 Qxd6 15. Bc5 Qf4 16. Nb6 Rb8 17. Bxf8 Bxf8 18. Nxc8 Rxc8 19. g3 Qe3+ 20. Kg2 Bc5 21. f4 h5 22. Bc2 d4 23. Re1 d3 24. Rxe3 dxc2 25. Qxc2 Bxe3 26. Qd3 Bc5 27. Rd1 Ra8 28. a3 Ne7 29. Qb5 b6 30. Rd7 Nf5 31. Qc6 Rf8 32. Qc7 Ne3+ 33. Kf3 Nd5 34. Qb7 Nf6 35. Rc7 Ng4 36. Rc8 Nxh2+ 37. Kg2 Ng4 38. Rxf8+ Kxf8 39. b4 Be3 40. Qc8+ Kg7 41. a4 Nf6 42. a5 bxa5 43. bxa5 Nd5 44. a6 h4 45. gxh4 Bb6 46. Qb7 Bc5 47. a7 Bxa7 48. Qxa7 Nxf4+ 49. Kf3 Nd5 50. Qd4+ Kf8 51. c4 Nc7 52. Qd8+ Ne8 53. c5 e5 54. c6 e4+ 55. Kxe4 f5+ 56. Kf3 Kf7 57. c7 Nxc7 58. Qxc7+ Kf6 59. Qf4 Kg7 60. Qg5 Kh7 61. Kf4 Kh8 62. Ke5 Kh7 63. Kf6 f4 64. Qxg6+ Kh8 65. Qg7# 1-0


[Site "https://www.chess.com"]

[Event "Titled Tuesday Blitz November 29 Early 2022"]
[White "Ljukin, Sergei"]
[Black "Papasimakopoulos, Alexandros"]
[WhiteFideId "14102200"]
[BlackFideId "4244125"]
[WhiteElo "2312"]
[BlackElo "2365"]
[Result "0-1"]
[Round "02"]
[TimeControl "180+1"]
[Date "2022.11.30"]
[WhiteClock "0:00:27"]
[BlackClock "0:01:40"]

1. e4 e6 2. d4 d5 3. Nc3 Bb4 4. e5 b6 5. Qg4 Bf8 6. Bb5+ c6 7. Ba4 a5 8. Bb3 Ne7 9. Nce2 a4 10. Ng3 axb3 11. cxb3 g6 12. h4 h5 13. Qf3 Nf5 14. Bg5 Bb4+ 15. Kf1 Be7 16. Nxf5 exf5 17. Nh3 Ba6+ 18. Kg1 Nd7 19. e6 fxe6 20. Nf4 Nf8 21. Re1 Kf7 22. Qc3 Bb7 23. Rh3 Bxg5 24. hxg5 Qxg5 25. Nd3 Nd7 0-1


[Site "https://www.chess.com"]

[Event "Titled Tuesday Blitz November 29 Early 2022"]
[White "Lorenzo De La Riva, Lazaro"]
[Black "Szabo, Marton Mihaly"]
[WhiteFideId "2268809"]
[BlackFideId "787086"]
[WhiteElo "2294"]
[BlackElo "2168"]
[Result "0-1"]
[Round "02"]
[TimeControl "180+1"]
[Date "2022.11.30"]
[WhiteClock "0:00:22"]
[BlackClock "0:02:15"]

1. e4 c5 2. Nf3 e6 3. d4 cxd4 4. Nxd4 Bc5 5. Nc3 Qb6 6. Be3 Nc6 7. Na4 Qa5+ 8. c3 Bxd4 9. Bxd4 Nxd4 10. Qxd4 e5 11. Qb4 Qxb4 12. cxb4 Nf6 13. f3 d6 14. Bb5+ Ke7 15. Kf2 Be6 16. Rhd1 Rhc8 17. Nc3 g5 18. Rac1 h5 19. g3 Rd8 20. Nd5+ Bxd5 21. exd5 Rac8 22. Rc3 Rxc3 23. bxc3 Rc8 24. Rd3 g4 25. Ba4 gxf3 26. Rxf3 Rxc3 27. Rxc3 Ne4+ 28. Ke3 Nxc3 29. Bb3 Nb5 30. a4 Nd4 31. Bd1 Nf5+ 32. Ke4 Ng7 33. h4 f5+ 34. Kf3 Kf6 35. a5 b6 36. a6 Kg6 37. Be2 Ne8 38. Ke3 Nc7 39. b5 Nxd5+ 40. Kf3 Nc3 41. Bc4 d5 42. Bb3 d4 43. Kf2 Nxb5 44. Bc4 Nc7 45. Ke2 b5 46. Kd3 bxc4+ 47. Kxc4 Nxa6 48. Kb5 d3 49. Kxa6 d2 50. Kxa7 d1=Q 51. Kb7 Qg4 52. Kc8 Qxg3 53. Kd7 Qxh4 54. Ke6 Qg4 55. Kxe5 Qe4+ 56. Kd6 f4 57. Kc5 f3 58. Kd6 f2 59. Kc5 f1=Q 60. Kd6 Qfd3+ 61. Kc5 Qec4+ 62. Kb6 Qdb3+ 0-1


[Site "https://www.chess.com"]

[Event "Titled Tuesday Blitz November 29 Early 2022"]
[White "Lucas, Arthur"]
[Black "Zaksaite, Salomeja"]
[WhiteFideId "26093073"]
[BlackFideId "12801496"]
[WhiteElo "2251"]
[BlackElo "2079"]
[Result "1-0"]
[Round "02"]
[TimeControl "180+1"]
[Date "2022.11.30"]
[WhiteClock "0:01:55"]
[BlackClock "0:01:48"]

1. d4 Nf6 2. c4 g6 3. Nc3 d6 4. e4 Bg7 5. Be3 O-O 6. Be2 c5 7. d5 e6 8. h3 exd5 9. exd5 a6 10. Nf3 Re8 11. O-O Ne4 12. Nxe4 Rxe4 13. Bd3 Re8 14. b3 Bxa1 15. Qxa1 f5 16. Bh6 Qc7 17. Ng5 b5 18. Re1 Rxe1+ 19. Qxe1 Qd7 20. cxb5 axb5 21. Bxb5 Qxb5 22. Qe7 1-0


[Site "https://www.chess.com"]

[Event "Titled Tuesday Blitz November 29 Early 2022"]
[White "Makhmudov, Shukhrat"]
[Black "Sai Han Thiha"]
[WhiteFideId "14200775"]
[BlackFideId "13012290"]
[WhiteElo "2135"]
[BlackElo "2023"]
[Result "1-0"]
[Round "02"]
[TimeControl "180+1"]
[Date "2022.11.30"]
[WhiteClock "0:02:07"]
[BlackClock "0:01:07"]

1. e4 c6 2. d4 d5 3. Nc3 dxe4 4. Nxe4 Nf6 5. Nxf6+ exf6 6. c3 Bd6 7. Bd3 O-O 8. Qc2 Re8+ 9. Ne2 h5 10. O-O h4 11. Bf4 Rxe2 12. Qxe2 Bxf4 13. Qe4 Bd6 14. Rae1 Be6 15. Qh7+ Kf8 16. Qh8+ Ke7 17. Rxe6+ Kxe6 18. Qxd8 1-0


[Site "https://www.chess.com"]

[Event "Titled Tuesday Blitz November 29 Early 2022"]
[White "Maksimenko, Viktor"]
[Black "Yano, William Jorge Froes"]
[WhiteFideId "13710478"]
[BlackFideId "2112949"]
[WhiteElo "2277"]
[BlackElo "2122"]
[Result "1-0"]
[Round "02"]
[TimeControl "180+1"]
[Date "2022.11.30"]
[WhiteClock "0:01:31"]
[BlackClock "0:00:46"]

1. d4 Nf6 2. c4 c5 3. d5 b5 4. cxb5 a6 5. bxa6 g6 6. Nc3 Bxa6 7. e4 Bxf1 8. Kxf1 d6 9. g3 Bg7 10. Kg2 O-O 11. Nf3 Na6 12. a4 Ne8 13. Ra3 Nec7 14. Qe2 Nb4 15. Re1 f6 16. Nd2 Qc8 17. Nc4 Qa6 18. h4 Rfb8 19. h5 Kf7 20. b3 Qb7 21. Bb2 Ra7 22. f3 Qc8 23. Rh1 Rab7 24. Bc1 Nba6 25. Na5 Rb6 26. Nc6 R8b7 27. hxg6+ hxg6 28. Rh7 Kg8 29. Nxe7+ Kxh7 30. Nxc8 Rxb3 31. Rxb3 Rxb3 32. Qc2 Rb8 33. Nxd6 Nb4 34. Qe2 f5 35. Ncb5 Nxb5 36. axb5 Ra8 37. Bd2 Ra2 38. Qe3 Nc2 39. Qb3 Nb4 40. Nc4 fxe4 41. fxe4 Ra1 42. Bxb4 cxb4 43. e5 Re1 44. d6 Re2+ 45. Kf3 Re1 46. d7 1-0


[Site "https://www.chess.com"]

[Event "Titled Tuesday Blitz November 29 Early 2022"]
[White "Malka, Samuel"]
[Black "Larina, Maria"]
[WhiteFideId "20643675"]
[BlackFideId "24113182"]
[WhiteElo "2449"]
[BlackElo "1848"]
[Result "1-0"]
[Round "02"]
[TimeControl "180+1"]
[Date "2022.11.30"]
[WhiteClock "0:00:47"]
[BlackClock "0:00:08"]

1. d4 f5 2. g3 Nf6 3. Bg2 g6 4. Nd2 Bg7 5. e4 fxe4 6. Nxe4 Nxe4 7. Bxe4 d5 8. Bg2 O-O 9. Bf4 Nc6 10. Ne2 Bg4 11. f3 Bf5 12. Qd2 e5 13. dxe5 Nxe5 14. O-O-O c6 15. Nd4 Nc4 16. Qb4 Qb6 17. Qxb6 axb6 18. a3 Bd7 19. c3 Rfe8 20. Rhe1 h6 21. Bf1 Na5 22. Kc2 Rxe1 23. Rxe1 Re8 24. Rxe8+ Bxe8 25. Bd3 Nc4 26. Bxc4 dxc4 27. Ne2 c5 28. Bc7 Bc6 29. Bxb6 Bf8 30. f4 Bf3 31. Kd2 Be4 32. Ke3 Bf5 33. Ng1 Bg4 34. Nf3 Bd6 35. Ne5 Kg7 36. Nxc4 Be7 37. Ne5 Bf5 38. g4 1-0


[Site "https://www.chess.com"]

[Event "Titled Tuesday Blitz November 29 Early 2022"]
[White "Manon-og, Ramon Jr."]
[Black "Atakhan, Abtin"]
[WhiteFideId "5200776"]
[BlackFideId "22502203"]
[WhiteElo "2341"]
[BlackElo "2298"]
[Result "0-1"]
[Round "02"]
[TimeControl "180+1"]
[Date "2022.11.30"]
[WhiteClock "0:02:17"]
[BlackClock "0:02:17"]

1. e4 c5 2. Nf3 d6 3. Bb5+ Nd7 4. a4 Nf6 5. Nc3 a6 6. Bc4 g6 7. Ng5 Ne5 8. Bb3 h6 9. f4 hxg5 10. fxe5 dxe5 11. d3 Qd4 12. Ne2 Qd7 13. Bxg5 Qg4 14. Bxf6 exf6 15. Ng3 Qxg3+ 16. hxg3 Rxh1+ 17. Ke2 Rxd1 18. Rxd1 Bg4+ 0-1


[Site "https://www.chess.com"]

[Event "Titled Tuesday Blitz November 29 Early 2022"]
[White "Manukyan, Sargis A."]
[Black "Dzhaparov, Medet"]
[WhiteFideId "13303970"]
[BlackFideId "13803689"]
[WhiteElo "2187"]
[BlackElo "1702"]
[Result "1-0"]
[Round "02"]
[TimeControl "180+1"]
[Date "2022.11.30"]
[WhiteClock "0:00:20"]
[BlackClock "0:00:15"]

1. Nf3 Nf6 2. c4 e6 3. Nc3 g6 4. d4 d5 5. Bf4 Bg7 6. e3 O-O 7. h3 c5 8. dxc5 Nc6 9. Be2 Re8 10. Bd6 Qa5 11. O-O dxc4 12. Bxc4 Qb4 13. Qe2 a6 14. a3 Qa5 15. b4 Qd8 16. Rad1 Bd7 17. e4 e5 18. Nd5 Nxd5 19. exd5 Nd4 20. Nxd4 exd4 21. Qf3 Bf5 22. Rfe1 Qd7 23. g4 Bc2 24. Rc1 Rxe1+ 25. Rxe1 Re8 26. Rxe8+ Qxe8 27. c6 Qe1+ 28. Bf1 bxc6 29. dxc6 Be4 30. c7 Bf8 31. c8=Q Kg7 32. Qxf8# 1-0


[Site "https://www.chess.com"]

[Event "Titled Tuesday Blitz November 29 Early 2022"]
[White "Martinez Alcantara, Jose Eduardo"]
[Black "Ehlvest, Jaan"]
[WhiteFideId "3805662"]
[BlackFideId "4500016"]
[WhiteElo "2705"]
[BlackElo "2430"]
[Result "1-0"]
[Round "02"]
[TimeControl "180+1"]
[Date "2022.11.30"]
[WhiteClock "0:01:13"]
[BlackClock "0:00:18"]

1. e4 c5 2. Nf3 e6 3. d4 cxd4 4. Nxd4 Nf6 5. Nc3 Nc6 6. Ndb5 Bc5 7. Bf4 O-O 8. Bc7 Qe7 9. Bd6 Bxd6 10. Qxd6 Qd8 11. Qc7 a6 12. Qxd8 Rxd8 13. Nd6 b5 14. f3 Kf8 15. O-O-O Ne8 16. Nxe8 Kxe8 17. Bd3 Bb7 18. Rhe1 Rac8 19. Kb1 Ne5 20. Ne2 d5 21. exd5 Nxd3 22. Rxd3 Rxd5 23. Rxd5 Bxd5 24. Nf4 Bb7 25. Nd3 Ke7 26. b3 g5 27. Kb2 h5 28. h3 f6 29. b4 e5 30. Nc5 Rc7 31. Rd1 Bc8 32. Ne4 Bf5 33. Nc3 Be6 34. a4 bxa4 35. Nxa4 Rc4 36. c3 a5 37. Nb6 Rc6 38. bxa5 Rc5 39. Ra1 g4 40. hxg4 hxg4 41. fxg4 e4 42. c4 e3 43. Kc3 e2 44. Kd2 Bxc4 45. Nxc4 Rxc4 46. a6 Rc8 47. a7 Ra8 48. Kxe2 1-0


[Site "https://www.chess.com"]